 Dungeon Crawl Stone Soup version 0.31.0-32-g396128a36d (webtiles) character file.

Game seed: 17894132857433671912

3 BoneyBoi1234 the Firebug (level 1, 0/16 HPs)
             Began as an Oni Fire Elementalist on Mar 27, 2024.
             Slain by a jackal (1 damage)
             ... on level 1 of the Dungeon.
             The game lasted 00:00:45 (93 turns).

BoneyBoi1234 the Firebug (Oni Fire Elementalist)      Turns: 93, Time: 00:00:46

Health: 0/16       AC:  3    Str: 11    XL:     1   Next: 50%
Magic:  2/4        EV:  9    Int: 16    God:
Gold:   11         SH:  0    Dex:  9    Spells: 4/5 levels left

rFire   . . .        (no weapon)
rCold   . . .        (no shield)
rNeg    . . .        a - +0 robe
rPois   .            (helmet restricted)
rElec   .            (no cloak)
rCorr   .            (gloves unavailable)
SInv    .            (boots unavailable)
Will    .....        (no amulet)
Stlth   +            (no ring)
HPRegen 0.22/turn    (no ring)
MPRegen 0.09/turn

%: no passive effects
@: no status effects
A: large, unfitting armour, horns 1, tough skin 1, double potion healing,
drunken brawling
a: no special abilities


You were on level 1 of the Dungeon.
You visited 1 branch of the dungeon, and saw 1 of its levels.

You collected 11 gold pieces.

Inventory:

Armour
 a - a +0 robe (worn)
Scrolls
 d - a scroll of identify {unknown}
Potions
 c - a potion of heal wounds {unknown}


   Skills:
 + Level 0.2 Fighting
 + Level 1.8 Dodging
 - Level 1.4 Stealth
 * Level 2.5 Spellcasting
 + Level 0.9 Conjurations
 + Level 2.7 Fire Magic


You had 4 spell levels left.
You knew the following spells:

 Your Spells              Type           Power      Damage    Failure   Level
a - Foxfire               Conj/Fire      28%        2x1d5     10%         1

Your spell library contained the following spells:

 Spells                   Type           Power      Damage    Failure   Level
 Scorch                   Fire           20%        2d5       10%         2
 Inner Flame              Hex/Fire       6%         N/A       32%         3
 Volatile Blastmotes      Fire/Tloc      12%        2d11      32%         3
 Flame Wave               Conj/Fire      7%         2d5       67%         4


Dungeon Overview and Level Annotations

Branches:
Dungeon (1/15)

Altars:


Innate Abilities, Weirdness & Mutations

You are too large for most types of armour.
You have a pair of small horns on your head.
You have tough skin. (AC +1)
You gain doubled healing and magic from potions.
Whenever you drink a healing potion, you attack all around you.


Message History

The jackal bites you but does no damage.
The jackal attacks as it pursues you! The jackal closely misses you.
The jackal bites you but does no damage.
You take a swig of the potion and flex your muscles.
You closely miss the jackal. You hit the kobold.
You kill the kobold!
Magic courses through your body. The jackal closely misses you.
Casting: Foxfire (safe; 10% risk of failure)
Confirm with . or Enter, or press ? or * to list all spells.
You conjure some foxfire!
The jackal bites you.
* * * LOW HITPOINT WARNING * * *
The jackal closely misses you. The jackal bites you.
* * * LOW HITPOINT WARNING * * *
The foxfire hits the jackal.
The jackal is lightly wounded.
The foxfire hits the jackal.
The jackal is almost dead.
The jackal bites you but does no damage.
Your magical contamination has completely faded away.
The jackal closely misses you. The jackal barely misses you.
Casting: Foxfire (safe; 10% risk of failure)
Confirm with . or Enter, or press ? or * to list all spells.
You conjure some foxfire!
The foxfire hits the jackal but does no damage.
The jackal is almost dead.
The jackal bites you.
* * * LOW HITPOINT WARNING * * *
The jackal bites you.
* * * LOW HITPOINT WARNING * * *
The jackal barely misses you.
Casting: Foxfire (safe; 10% risk of failure)
Confirm with . or Enter, or press ? or * to list all spells.
Okay, then.
Found a beast talisman.
The foxfire hits the jackal.
The jackal is severely wounded.
The jackal attacks as it pursues you! The jackal closely misses you.
Casting: Foxfire (safe; 10% risk of failure)
Confirm with . or Enter, or press ? or * to list all spells.
You conjure some foxfire!
The jackal misses you. The jackal bites you.
You die...

......#.##.#
.###..#...[.......%.
...#..#..... ......
.#.#..#...... .....
.#.........## #...#
...........# #...#
......#..#.# #...#
##.#.....#.# #.vv#
##.#..#..#.# #ยง@.#
....>......#


#hhh# #..........# #...# #.....####.####...### ......##.......)....##
#####.##...#.........# #.##...#.........$.. #......#......###### #####..####...#
You could see 3 jackals.

Vanquished Creatures
  A giant cockroach (D:1)
  A jackal (D:1)
  A kobold (D:1)
3 creatures vanquished.

Vanquished Creatures (others)
  9 foxfires (D:1)
9 creatures vanquished.

Grand Total: 12 creatures vanquished

Notes
Turn   | Place    | Note
-------+----------+-------------------------------------------
     0 | D:1      | BoneyBoi1234 the Oni Fire Elementalist began the quest for
                  | the Orb.
     0 | D:1      | Reached XP level 1. HP: 16/16 MP: 3/3
    93 | D:1      | Slain by a jackal

Illustrated notes

Levels and vault maps discovered:
D:1:      saegor_arrival_simple_a, layout_loops_cross

Action                     || total
---------------------------++-------
  Melee: Unarmed           ||     4
         Headbutt          ||     2
   Cast: Foxfire           ||     8
    Use: Potion            ||     1
 Armour: Robe              ||    25
  Dodge: Dodged            ||    16
